 Dungeon Crawl Stone Soup version 0.28-a0-620-g539b0f7ac7 (webtiles) character file.

Game seed: 12367211331519777782

74315 robertstho the Thaumaturge (level 15, -1/111 HPs)
             Began as a Djinni Fire Elementalist on Oct 6, 2021.
             Was an Initiate of Gozag.
             Slain by Snorg (9 damage)
             ... on level 10 of the Dungeon.
             The game lasted 00:43:09 (20811 turns).

robertstho the Thaumaturge (DjFE)                  Turns: 20811, Time: 00:43:10

Health: -1/111     AC: 14    Str:  9    XL:     15   Next: 93%
Gold:   4514       EV: 13    Int: 28    God:    Gozag SH:  5 Dex: 15

rFire   + + .      SeeInvis .   n - +11 great sword "Orb Guardian's Regret" {holy, Drain rPois rCorr Str+2}
rCold   x . .      Faith    .   (shield currently unavailable)
rNeg    . . .      Spirit   .   v - +5 ring mail of the Elephant {Regen+}
rPois   ∞          Reflect  +   h - +0 helmet
rElec   .          Harm     .   (no cloak)
rCorr   +          Rampage  .   (no gloves)
Will    +....                   (boots unavailable)
Stlth   ++........              i - amulet of reflection
HPRegen 1.28/turn               D - +6 ring of intelligence
MPRegen 0.00/turn               x - ring of wizardry

@: flying
A: sickness immunity, fire resistance 2, cold vulnerability 1, float, innate
caster, hp casting, extra vitality 1
a: Renounce Religion, Potion Petition, Call Merchant, Bribe Branch


You were on level 10 of the Dungeon.
You worshipped Gozag.
Gozag was most pleased with you.
You visited 3 branches of the dungeon, and saw 18 of its levels.
You also visited: Bailey.

You collected 5574 gold pieces.
You spent 539 gold pieces at shops.
You paid 521 gold pieces to Gozag.

Inventory:

Hand Weapons
 j - a +2 short sword of venom
 n - the +11 great sword "Orb Guardian's Regret" (weapon) {holy, Drain rPois rCorr Str+2}
   (You acquired it on level 11 of the Dungeon)

   It has been blessed by the Shining One to cause great damage to the undead
   and demons.
   Str:       It affects your strength (+2).
   rPois:     It protects you from poison.
   rCorr:     It protects you from acid and corrosion.
   Drain:     It drains your maximum health when unequipped.
Missiles
 K - a throwing net
 L - 454 stones
Armour
 h - a +0 helmet (worn)
 l - a +0 leather armour of fire resistance
 v - the +5 ring mail of the Elephant (worn) {Regen+}
   (You found it on level 5 of the Dungeon)

   Regen:     It increases your rate of health regeneration.
Jewellery
 b - a ring of fire
 i - an amulet of reflection (around neck)
 m - the amulet of the Irksome Rambutan {Acrobat Str+4}
   (You found it on level 4 of the Lair of Beasts)

   [amulet of the acrobat]

   It increases your evasion while moving and waiting.
   Str:       It affects your strength (+4).
 q - a ring of fire
 x - a ring of wizardry (right hand)
 A - an amulet of regeneration
 D - a +6 ring of intelligence (left hand)
 F - a +6 ring of intelligence
Wands
 o - a wand of mindburst (20)
 r - a wand of digging (6)
 E - a wand of acid (11)
 N - a wand of paralysis (5)
Scrolls
 c - 2 scrolls of enchant weapon
 d - 4 scrolls of silence
 e - 3 scrolls of magic mapping
 f - 2 scrolls of teleportation
 t - 5 scrolls of immolation
 u - a scroll of torment
 y - 6 scrolls of vulnerability
 J - a scroll of summoning
 O - a scroll of enchant armour
 P - 2 scrolls of blinking
Potions
 a - 2 potions of mutation
 g - 4 potions of cancellation
 k - 5 potions of heal wounds
 p - 2 potions of attraction
 s - 2 potions of might
 w - 4 potions of lignification
 z - a potion of ambrosia {unknown}
 B - 4 potions of resistance {unknown}
 C - a potion of curing
 G - a potion of magic {unknown}
 I - a potion of invisibility
 M - a potion of haste {unknown}
Miscellaneous
 H - a phantom mirror (inert)


   Skills:
 * Level 11.6 Fighting
 + Level 5.0 Short Blades
 + Level 0.2 Polearms
 * Level 12.5 Armour
 + Level 7.6 Dodging
 + Level 4.6 Stealth
 + Level 2.5 Shields
 + Level 14.7 Spellcasting
 + Level 0.7 Evocations


You had 6 spell levels left.
You knew the following spells:

 Your Spells              Type           Power      Damage    Failure   Level
a - Foxfire               Conj/Fire      100%       2x1d9     0%          1
b - Scorch                Fire           100%       2d10      0%          2
c - Conjure Flame         Conj/Fire      80%        6-21      1%          3
d - Inner Flame           Hex/Fire       80%        N/A       1%          3
e - Flame Wave            Conj/Fire      80%        3d14      1%          4
f - Sandblast             Erth           100%       2d20      0%          1
g - Static Discharge      Conj/Air       80%        N/A       0%          2
h - Ensorcelled Hibernat  Hex/Ice        100%       N/A       0%          2
i - Animate Dead          Necr           40%        N/A       1%          4
j - Hailstorm             Conj/Ice       80%        3d16      1%          4
k - Blade Hands           Tmut           40%        N/A       1%          5
l - Dispersal             Tloc           40%        N/A       1%          6
Your spell library was empty.

Dungeon Overview and Level Annotations

Branches:
Dungeon (11/15)            Temple (1/1) D:6            Lair (6/6) D:8
 Shoals (0/4) Lair:3        Snake (0/4) Lair:4        Slime (0/5) Lair:6
 Bailey (visited)
    Orc: D:9-12

Altars:
Ashenzari
Fedhas
Gozag
Okawaru
Qazlal
Trog
Vehumet
Wu Jian
Xom
Zin

Shops:
D:7 *   D:11 ?

Annotations:
D:6 1 runed translucent door, scottley's ghost, novice TrMo
D:10 3 runed translucent doors, Snorg; rustyseabutter's ghost, journeyman HOFi


Innate Abilities, Weirdness & Mutations

You are immune to sickness and miasma.
You are immune to poison.
Your flesh is very heat resistant. (rF++)
You are vulnerable to cold. (rC-)
You float through the air rather than walking.
You learn spells naturally, not from books.
Your magical power is your life essence.
You have superior vitality. (+4 HP)


Message History

Casting: Flame Wave (safe; 1% risk of failure)
Confirm with . or Enter, or press ? or * to list all spells.
Flames lash Snorg.
Snorg is lightly wounded.
Snorg's fire resistance burns away.
Casting: Scorch (safe; 0% risk of failure)
Confirm with . or Enter, or press ? or * to list all spells.
Flames lash Snorg.
Snorg is burned terribly!
Snorg is lightly wounded.
Snorg barely misses you. Snorg closely misses you. Snorg claws you!
Casting: Scorch (safe; 0% risk of failure)
Confirm with . or Enter, or press ? or * to list all spells.
Casting: Flame Wave (safe; 1% risk of failure)
Press: ? - help, Dir - look around, f - activate A wave of flame ripples out!
The flame wave engulfs Snorg!!
Snorg is burned terribly!
Snorg is moderately wounded. (Press . to intensify the flame waves.) Snorg closely misses you. x2; Snorg claws you but does no damage.
A wave of flame ripples out!
The flame wave engulfs Snorg!!
Snorg is burned terribly!
Snorg is heavily wounded.
Snorg is no longer more vulnerable to fire.
Snorg closely misses you. Snorg claws you! Snorg claws you but does no damage.
Snorg bites you!! Snorg misses you. Snorg claws you!
A wave of flame ripples out!
The flame wave engulfs Snorg!!
Snorg is severely wounded.
You finish channelling waves of flame.
Snorg bites you but does no damage. Snorg barely misses you. Snorg claws you!
Unknown command.
You slash Snorg!
Snorg is severely wounded.
Snorg bites you. Snorg closely misses you. Snorg claws you!
Snorg barely misses you. Snorg claws you!!
* * * LOW HITPOINT WARNING * * *
Snorg claws you!
* * * LOW HITPOINT WARNING * * *
You block Snorg's attack. x2; Snorg claws you!
You die...
Your body crumbles into a pile of gold.

#.##.# #.##.#
#.##.# #.##.######
#.##......#
#.#######.# #.#
####.# #.# #....#
#.# #@####
#.####T# #....#[#
####.#.#
##############.#.#
......^.......>#.#
################.#
#.#


You could see Snorg (berserk).

Vanquished Creatures
  The ghost of Igaqag the Brawler, a journeyman TrMo of Jiyva (Lair:6)
  An ice dragon (Lair:6)
  9 hydras
  30 death yaks
  2 two-headed ogres
  A swamp dragon (Lair:5)
  A lindwurm (Lair:6)
  2 manticores (D:11)
  A wolf spider (Lair:6)
  A cyclops (D:11)
  Joseph (D:7)
  9 elephants
  A guardian serpent (Lair:6)
  6 black mambas
  5 torpor snails (Lair:6)
  20 cane toads
  2 gargoyles
  4 rime drakes
  A kobold demonologist (D:7)
  Maggie (D:6)
  8 komodo dragons
  4 tyrant leeches (Lair:6)
  A troll (D:11)
  2 polar bears
  Grinder (D:5)
  12 hornets
  17 blink frogs
  9 dream sheep
  A snapping turtle (Lair:3)
  A slime creature (Lair:6)
  11 wyverns
  3 spriggans
  A vampire (D:9)
  A redback (Lair:6)
  A shadow (D:9)
  2 wraiths
  34 yaks
  2 steam dragons
  Eustachio (D:4)
  4 vampire mosquitoes (Lair:5)
  4 basilisks
  Edmund (D:6)
  Menkaure (D:6)
  2 nagas (Lair:4)
  31 water moccasins
  8 orc warriors
  A swamp drake (Lair:5)
  A necrophage (D:6)
  3 black bears
  An ice beast (D:5)
  4 ogres
  A boggart (Lair:6)
  16 wolves
  9 centaurs
  7 kobold brigands
  13 bullfrogs
  A gnoll sergeant (D:7)
  2 scorpions
  2 water moccasin zombies
  6 howler monkeys (D:9)
  3 electric eels
  2 centaur skeletons
  3 centaur zombies
  4 jellies
  5 orc priests
  7 orc wizards
  2 iguanas (D:5)
  12 hell rats
  A killer bee zombie (D:8)
  2 hound skeletons
  A howler monkey zombie (D:8)
  9 adders
  11 gnolls
  A howler monkey skeleton (D:7)
  2 shadow imps
  A white imp (D:6)
  An ufetubus (D:7)
  An adder skeleton (D:4)
  2 dart slugs (D:4)
  41 orcs
  13 ball pythons
  6 endoplasms
  A giant cockroach (D:2)
  16 goblins
  9 hobgoblins
  4 jackals
  39 kobolds
  5 quokkas
  3 bats
  4 frilled lizards
  3 rats (D:2)
  8 bushes
551 creatures vanquished.

Vanquished Creatures (collateral kills)
  An orc knight (Bailey)
  An orc warrior (Bailey)
  A gnoll (Bailey)
  11 foxfires
14 creatures vanquished.

Vanquished Creatures (others)
  2 bushes (Lair:6)
  816 foxfires
  70 fungi
  268 plants
1156 creatures vanquished.

Grand Total: 1721 creatures vanquished

Notes
Turn   | Place    | Note
-------+----------+-------------------------------------------
     0 | D:1      | robertstho the Djinni Fire Elementalist began the quest for
                  | the Orb.
     0 | D:1      | Reached XP level 1. HP: 15/15 MP: 0/0
   630 | D:1      | Reached XP level 2. HP: 16/21 MP: 0/0
  1014 | D:1      | Found a faded altar of an unknown god.
  1404 | D:2      | Reached skill level 3 in Spellcasting
  1582 | D:2      | Reached XP level 3. HP: 23/25 MP: 0/0
  1582 | D:2      | Learned a level 1 spell: Sandblast
  1848 | D:2      | Reached XP level 4. HP: 26/31 MP: 0/0
  2155 | D:2      | Reached skill level 1 in Fighting
  2712 | D:3      | Noticed a steam dragon
  2724 | D:3      | Killed a steam dragon
  2725 | D:3      | Reached skill level 4 in Spellcasting
  2725 | D:3      | Reached XP level 5. HP: 10/37 MP: 0/0
  2725 | D:3      | Learned a level 2 spell: Static Discharge
  2725 | D:3      | Reached XP level 6. HP: 12/42 MP: 0/0
  4364 | D:4      | Noticed an ogre
  4372 | D:4      | Killed an ogre
  4616 | D:4      | Reached skill level 5 in Spellcasting
  4897 | D:4      | Reached XP level 7. HP: 38/48 MP: 0/0
  4897 | D:4      | Learned a level 2 spell: Ensorcelled Hibernation
  5284 | D:5      | Entered Level 5 of the Dungeon
  5284 | D:5      | Noticed Eustachio
  5315 | D:4      | Killed Eustachio
  5640 | D:5      | Reached skill level 6 in Spellcasting
  5932 | D:5      | Reached XP level 8. HP: 55/55 MP: 0/0
  5942 | D:5      | Identified the +5 ring mail of the Elephant {Regen+}
  5982 | D:5      | Noticed Grinder
  5988 | D:5      | Killed Grinder
  5989 | D:5      | Reached skill level 1 in Armour
  6320 | D:5      | Reached skill level 1 in Short Blades
  6320 | D:5      | Reached skill level 7 in Spellcasting
  6320 | D:5      | Reached XP level 9. HP: 43/61 MP: 0/0
  6320 | D:5      | Learned a level 4 spell: Animate Dead
  6716 | D:6      | Noticed Maggie
  6781 | D:6      | Noticed Edmund
  6828 | D:6      | Killed Edmund
  7122 | D:6      | Found a runed translucent door.
  7124 | D:6      | Found a shimmering altar of Xom.
  7124 | D:6      | Noticed scottley's ghost (novice TrMo)
  7125 | D:6      | Noticed a +0 war axe of chaos
  7156 | D:6      | Noticed Menkaure
  7162 | D:6      | Killed Menkaure
  7176 | D:6      | Killed Maggie
  7177 | D:6      | Reached skill level 8 in Spellcasting
  7204 | D:6      | Found a staircase to the Ecumenical Temple.
  7248 | Temple   | Entered the Ecumenical Temple
  7257 | Temple   | Became a worshipper of Gozag Ym Sagoz the Greedy
  7296 | D:6      | Reached XP level 10. HP: 69/69 MP: 0/0
  7348 | D:6      | Found a stormy altar of Qazlal.
  7582 | D:7      | Found a flagged portal.
  7583 | D:7      | Noticed a kobold demonologist
  7588 | D:7      | Killed a kobold demonologist
  7589 | D:7      | Reached skill level 5 in Fighting
  7590 | D:7      | Reached skill level 5 in Armour
  7638 | Bailey   | Entered a bailey
  7775 | Bailey   | Reached skill level 9 in Spellcasting
  7857 | Bailey   | Noticed an orc knight
  7873 | Bailey   | Killed an orc knight
  8400 | D:7      | Noticed Joseph
  8463 | D:7      | Killed Joseph
  8848 | D:8      | Noticed a death yak
  8854 | D:8      | Noticed a death yak
  9025 | D:8      | Noticed a death yak
  9026 | D:8      | Noticed a death yak
  9026 | D:8      | Noticed a death yak
  9026 | D:8      | Noticed a death yak
  9026 | D:8      | Noticed a death yak
  9028 | D:8      | Noticed a death yak
  9070 | D:7      | Killed a death yak
  9071 | D:7      | Reached XP level 11. HP: 58/76 MP: 0/0
  9071 | D:7      | Learned a level 4 spell: Hailstorm
  9170 | D:9      | Noticed a two-headed ogre
  9178 | D:9      | Killed a two-headed ogre
  9179 | D:9      | Reached skill level 10 in Spellcasting
  9966 | D:10     | Entered Level 10 of the Dungeon
  9978 | D:10     | Noticed Snorg
 10153 | D:7      | Bought a scroll of teleportation for 45 gold pieces
 10282 | D:8      | Found a staircase to the Lair.
 10297 | Lair:1   | Entered Level 1 of the Lair of Beasts
 10338 | Lair:1   | Noticed a four-headed hydra
 10345 | Lair:1   | Killed a four-headed hydra
 10475 | Lair:1   | Noticed a four-headed hydra
 10481 | Lair:1   | Killed a four-headed hydra
 10541 | Lair:1   | Noticed an eight-headed hydra
 10547 | Lair:1   | Killed an eight-headed hydra
 10629 | Lair:1   | Noticed an elephant
 10631 | Lair:1   | Noticed an elephant
 10631 | Lair:1   | Noticed an elephant
 10636 | Lair:1   | Reached XP level 12. HP: 80/85 MP: 0/0
 10847 | Lair:1   | Reached skill level 11 in Spellcasting
 11914 | Lair:2   | Reached skill level 5 in Dodging
 12211 | Lair:3   | Noticed a death yak
 12211 | Lair:3   | Noticed a death yak
 12211 | Lair:3   | Noticed a death yak
 12211 | Lair:3   | Noticed a seven-headed hydra
 12340 | Lair:3   | Noticed an eight-headed hydra
 12350 | Lair:3   | Killed an eight-headed hydra
 12459 | Lair:3   | Killed a seven-headed hydra
 12510 | Lair:3   | Killed a death yak
 12513 | Lair:3   | Killed a death yak
 12513 | Lair:3   | Killed a death yak
 12514 | Lair:3   | Reached XP level 13. HP: 87/94 MP: 0/0
 12514 | Lair:3   | Learned a level 5 spell: Blade Hands
 12958 | Lair:3   | Found a staircase to the Shoals.
 13171 | Lair:4   | Noticed a seven-headed hydra
 13183 | Lair:4   | Killed a seven-headed hydra
 13281 | Lair:4   | Identified the amulet of the Irksome Rambutan {Acrobat
                  | Str+4}
 13283 | Lair:4   | Identified the +6 plate armour "Koganwur" {rF+}
 13358 | Lair:4   | Reached skill level 12 in Spellcasting
 13655 | Lair:4   | Found a staircase to the Snake Pit.
 13661 | Lair:4   | Reached skill level 10 in Armour
 13824 | Lair:4   | Noticed a five-headed hydra
 13832 | Lair:4   | Killed a five-headed hydra
 14705 | Lair:5   | Reached XP level 14. HP: 68/102 MP: 0/0
 14763 | Lair:5   | Reached skill level 5 in Short Blades
 14763 | Lair:5   | Reached skill level 1 in Shields
 14886 | Lair:5   | Reached skill level 10 in Fighting
 15564 | Lair:6   | Entered Level 6 of the Lair of Beasts
 15691 | Lair:6   | Reached skill level 13 in Spellcasting
 16242 | Lair:6   | Reached XP level 15. HP: 66/109 MP: 0/0
 16242 | Lair:6   | Learned a level 6 spell: Dispersal
 16348 | Lair:6   | Found a runed translucent door.
 16349 | Lair:6   | Noticed Igaqag's ghost (journeyman TrMo)
 16354 | Lair:6   | Identified the +8 trident of Abrewnel {protect, *Rage rC+
                  | Str+4 Dex+4}
 16419 | Lair:6   | Identified the +5 leather armour "Voob" {*Corrode rF+ Dex+6
                  | SInv}
 16736 | Lair:6   | Reached skill level 14 in Spellcasting
 16824 | Lair:6   | Found a staircase to the Slime Pits.
 17267 | Lair:6   | Found a runed translucent door.
 18077 | D:7      | Bought 12 stones for 18 gold pieces
 18077 | D:7      | Bought 10 stones for 15 gold pieces
 18077 | D:7      | Bought 20 stones for 30 gold pieces
 18077 | D:7      | Bought 26 stones for 39 gold pieces
 19053 | Lair:6   | Killed Igaqag's ghost
 19697 | D:10     | Found a runed translucent gate.
 19697 | D:10     | Found a runed translucent gate.
 19697 | D:10     | Found a runed translucent gate.
 19697 | D:10     | Noticed rustyseabutter's ghost (journeyman HOFi)
 20254 | D:11     | Found Catew's Magic Scroll Boutique.
 20262 | D:11     | Bought a scroll of enchant armour for 105 gold pieces
 20262 | D:11     | Bought a scroll of blinking for 105 gold pieces
 20262 | D:11     | Bought a scroll of magic mapping for 49 gold pieces
 20262 | D:11     | Bought a scroll of identify for 28 gold pieces
 20262 | D:11     | Bought a scroll of blinking for 105 gold pieces
 20262 | D:11     | Identified a scroll of acquirement
 20271 | D:11     | Acquired the +11 great sword "Orb Guardian's Regret" {holy,
                  | Drain rPois rCorr Str+2}
 20435 | D:11     | Found a glowing silver altar of Zin.
 20811 | D:10     | Slain by Snorg

Illustrated notes

Levels and vault maps discovered:
D:1:      dpeg_arrival_central, layout_basic,
          shapermc_ecumenical_altar_totnotflames
D:2:      layout_rooms, grunt_ministairs_4, minmay_misc_feat_secret_circle,
          minmay_fractal_squares_5
D:3:      layout_basic
D:4:      layout_loops_ring, grunt_ministairs_12
D:5:      layout_basic, minmay_tree_intersection, uniq_eustachio, uniq_grinder
D:6:      ebering_ghost_xom, layout_loops_cross, grunt_qazlal_sundering,
          minmay_temple_entry_stoned_glass, uniq_maggie, uniq_edmund,
          uniq_menkaure
D:7:      layout_loops_ring, enter_bailey_5, uniq_joseph
D:8:      layout_cave_pools, dpeg_lair_monsters
D:9:      layout_cave_pods
D:10:     layout_basic, gammafunk_ghost_nasty_kobolds, uniq_snorg
D:11:     layout_cave_pools, serial_shops, nicolae_shop_waterfront, zin_treasury
Temple:   grunt_wide_crystal_templ
Lair:1:   layout_regular_city, chequers_serial_rivers_micro_b
Lair:2:   layout_concentric_octagons, forest_entry_grove
Lair:3:   layout_misc_corridors, minmay_shoals_entry_hut,
          chequers_serial_rivers_room_a, chequers_serial_rivers_small_b,
          serial_bayou_shore_b, grunt_megastairs_3
Lair:4:   nzn_winding_woodlands_stair_trap [nzn_winding_woodlands_5x15_eye,
          nzn_winding_woodlands_5x15_parted,
          nzn_winding_woodlands_5x15_sidewinder,
          nzn_winding_woodlands_15x15_thick_spiral,
          nzn_winding_woodlands_5x15_pool, nzn_winding_woodlands_5x15_cabin,
          nzn_winding_woodlands_5x15_lazy_stream], layout_long_grid,
          guppyfry_snake_entry_garden, minivault_26,
          hangedman_lair_unloving_vines, cheibrodos_lair_caveside_slide
Lair:5:   layout_regular_city, lookout_lair_type, pond, grunt_megastairs_1,
          serial_bayou_shore_a
Lair:6:   wormcave, layout_regular_city, hangedman_lair_tendril_chambers,
          minmay_slime_entry_pillars, ebering_ghost_funeral_grove,
          serial_forest, infiniplex_forest_clump_medium,
          infiniplex_forest_clump_small, infiniplex_forest_clump_double,
          infiniplex_forest_end_3, infiniplex_forest_clump_diagonal,
          infiniplex_forest_3_way, st_stairs_7

Skill      XL: |  1  2  3  4  5  6  7  8  9 10 11 12 13 14 15 |
---------------+----------------------------------------------+-----
Spellcasting   | 3 4 5 6 7 8 9 10 11 12 13 14 | 14.7
Fighting       | 1 2 3 4 6 7 8 9 10 11 | 11.6
Stealth        | 2 3 4 |  4.6
Armour         | 2 4 6 7 9 10 11 12 | 12.5
Dodging        | 3 4 5 6 7 |  7.6
Short Blades   | 1 2 4 5 |  5.0
Shields        | 2 |  2.5
Polearms       | |  0.2
Evocations     | |  0.7

Action                   |  1- 3 |  4- 6 |  7- 9 | 10-12 | 13-15 || total
-------------------------+-------+-------+-------+-------+-------++-------
Melee: Short sword       |       |    17 |    33 |   147 |    49 ||   246
       Trident           |       |       |       |       |    12 ||    12
       Great sword       |       |       |       |       |     2 ||     2
 Cast: Foxfire           |    68 |    49 |    24 |   149 |   196 ||   486
       Scorch            |       |    42 |    93 |    54 |   147 ||   336
       Flame Wave        |       |       |     6 |    45 |   113 ||   164
       Ensorcelled Hiber |       |       |       |    18 |       ||    18
       Static Discharge  |       |       |       |     1 |     1 ||     2
       Hailstorm         |       |       |       |     1 |     1 ||     2
       Sandblast         |       |       |       |       |    11 ||    11
       Dispersal         |       |       |       |       |     1 ||     1
Invok: Call Merchant     |       |       |       |     1 |       ||     1
Evoke: Wand              |       |       |       |       |     5 ||     5
       Phantom mirror    |       |       |       |       |     1 ||     1
  Use: Scroll            |       |     1 |     3 |    15 |     9 ||    28
       Potion            |       |       |     2 |     2 |     2 ||     6
 Stab: Sleeping          |       |     1 |       |     6 |     1 ||     8
Armor: Robe              |     2 |     8 |       |       |       ||    10
       Steam dragon scal |       |     3 |    12 |       |       ||    15
       Ring mail         |       |       |    40 |   139 |   124 ||   303
Dodge: Dodged            |     6 |    22 |    65 |   177 |   200 ||   470
Block: Other             |       |       |       |       |    74 ||    74
       Reflection        |       |       |       |       |     1 ||     1

Table legend: (Time is in decaauts)
 A = Elapsed time spent in this place.
 B = Non-inter-level travel time spent in this place.
 C = Inter-level travel time spent in this place.
 D = Time resting spent in this place.
 E = Time spent auto-exploring this place.
 F = Levels seen in this place.
 G = Mean time per level.
                   A        B        C        D        E       F      G
               +--------+--------+--------+--------+--------+-----+--------+
         Total |  20866 |  19233 |   1633 |   1405 |  14365 |  19 | 1098.2 |
       Dungeon |  12193 |  11239 |    954 |    936 |   8449 |  11 | 1108.5 |
        Temple |     18 |      9 |      9 |      0 |      0 |   1 |   18.0 |
          Lair |   8222 |   7553 |    669 |    440 |   5746 |   6 | 1370.3 |
        Bailey |    431 |    431 |      0 |     29 |    170 |   1 |  431.0 |
               +--------+--------+--------+--------+--------+-----+--------+

Top non-repeatable levels by time:
  Lair:6: 2395 daAuts
  Lair:4: 1683 daAuts
     D:4: 1540 daAuts
     D:1: 1368 daAuts
     D:3: 1343 daAuts
     D:2: 1324 daAuts
     D:7: 1308 daAuts
  Lair:2: 1269 daAuts
  Lair:5: 1230 daAuts
     D:5: 1222 daAuts
     D:6: 1043 daAuts
  Lair:1: 910 daAuts
     D:9: 895 daAuts
     D:8: 765 daAuts
  Lair:3: 732 daAuts
